 Dungeon Sprint DCSS version 0.29-a0-304-gb34f9e133a (webtiles) character file.

Game seed: 16155379936635513884

366 Conn the Arsonist (level 6, -1/36 HPs)
             Began as an Octopode Fire Elementalist on Mar 26, 2022.
             Was a Priest of Sif Muna.
             Slain by a fire bat (5 damage)
             ... in the Dungeon (Sprint VII: "The Pits").
             The game lasted 00:02:31 (219 turns).

Conn the Arsonist (Octopode Fire Elementalist)       Turns: 219, Time: 00:02:36

Health: -1/36      AC:  1    Str:  7    XL:     6   Next: 68%
Magic:  10/14      EV: 15    Int: 19    God:    Sif Muna [***...]
Gold:   0          SH:  0    Dex: 13    Spells: 3/16 levels left

rFire   . . .      SeeInvis .   k - +1 dagger (venom)
rCold   . . .      Faith    .   (no shield)
rNeg    . . .      Spirit   .   (helmet restricted)
rPois   .          Reflect  .   (no amulet)
rElec   .          Harm     .   (no ring)
rCorr   .          Rampage  .   (no ring)
Will    .....      NoTele   +   (no ring)
Stlth   +++++.....              (no ring)
HPRegen 0.12/turn               (no ring)
MPRegen 0.14/turn               (no ring)
                                (no ring)
                                (no ring)

@: no status effects
A: almost no armour, amphibious, 8 rings, camouflage 1, gelatinous body 1,
(nimble swimmer 1), tentacles
a: Renounce Religion, Channel Magic, Forget Spell


You were in the Dungeon.
You worshipped Sif Muna.
Sif Muna was most pleased with you.
You visited 1 branch

Inventory:

Hand Weapons
 g - a +2 dagger
 k - a +1 dagger of venom (weapon)
Scrolls
 f - a scroll of blinking
 i - 5 scrolls of amnesia
 j - a scroll of summoning
Potions
 a - 5 potions of magic
 b - 6 potions of curing
 c - 6 potions of heal wounds
 d - a potion of haste
 e - 3 potions of berserk rage
 h - a potion of invisibility


   Skills:
 + Level 0.6 Short Blades
 + Level 5.4 Dodging
 + Level 9.2 Stealth
 + Level 5.7 Spellcasting
 + Level 1.5 Conjurations
 + Level 9.9 Fire Magic


You had 3 spell levels left.
You knew the following spells:

 Your Spells              Type           Power      Damage    Failure   Level
a - Foxfire               Conj/Fire      100%       2x1d9     1%          1
b - Conjure Flame         Conj/Fire      27%        6-21      3%          3
c - Inner Flame           Hex/Fire       24%        N/A       4%          3
d - Flame Wave            Conj/Fire      27%        2d7       11%         4
e - Scorch                Fire           86%        2d9       1%          2

Your spell library contained the following spells:

 Spells                   Type           Power      Damage    Failure   Level


Dungeon Overview and Level Annotations

Branches:
Dungeon (1/1)

Altars:
Ashenzari
Cheibriados
Dithmenos
Elyvilon
Fedhas
Gozag
Hepliaklqana
Kikubaaqudgha
Makhleb
Nemelex Xobeh
Okawaru
Qazlal
Ru
Sif Muna
Trog
Uskayaw
Vehumet
Wu Jian
Xom
Yredelemnul
Zin
The Shining One
Beogh
Jiyva
Lugonu


Innate Abilities, Weirdness & Mutations

You cannot wear most types of armour.
You are amphibious.
You can wear up to eight rings at the same time.
Your skin changes colour to match your surroundings (Stealth+).
Your rubbery body absorbs attacks. (AC +1, EV +1)
((You are camouflaged when in or above water. (Stealth+)))
You have tentacles for arms and can constrict up to eight enemies at once.


Message History

The fire bat barely misses you.
Unknown command.
You miss the fire bat.
The black bear growls angrily.
Your grab misses the fire bat. Your squeeze misses the fire bat.
The fire bat bites you.
You are engulfed in flames.
Unknown command.
You hit the fire bat.
The fire bat looks as sick as possible!
Your grab misses the fire bat.
The fire bat is lightly wounded.
The fire bat bites you but does no damage.
The fire bat bites you.
You are engulfed in flames.
Unknown command.
You hit the fire bat.
The fire bat looks as sick as possible!
You grab the fire bat. Your squeeze misses the fire bat.
The fire bat is moderately wounded.
You constrict the fire bat. The fire bat closely misses you. x2
Unknown command.
You hit the fire bat but do no damage.
The fire bat is heavily wounded.
You constrict the fire bat. The fire bat barely misses you.
Unknown command.
You hit the fire bat.
The fire bat is severely wounded.
You constrict the fire bat.
You kill the fire bat!
Sif Muna accepts your kill.
You can now freely open your mind to new spells.
The fire bat closely misses you. The fire bat misses you.
Your Dodging skill increases to level 5!
Your Stealth skill gained 2 levels and is now at level 9!
Your Fire Magic skill increases to level 9!
You have reached level 6!
You closely miss the fire bat. Your grab misses the fire bat.
The fire bat bites you.
You are engulfed in flames!
* * * LOW HITPOINT WARNING * * *
The fire bat bites you.
* * * LOW HITPOINT WARNING * * *
You are engulfed in flames.
You die...

#'#####'#####.....
#.#.†#..#).##.....
#.#).'..'..#####'#
#.##'####'###...§.
#.#........##.....
#.#........##.....
#.#####'#####...<.
#.#....))[.##.....
#@#...)))[.##.....
#b###########.....
#hg....h# ######
#5......#
#...#...# #..##
..# #... b# #... #
#....


You could see a warg, a fire bat, a crimson imp and a hobgoblin.

Vanquished Creatures
  A fire bat (D)
  A floating eye (D)
  A scorpion (D)
  A crimson imp (D)
  A gnoll (D)
  An adder (D)
  An orc (D)
  A ball python (D)
  An endoplasm (D)
  A giant cockroach (D)
  A hobgoblin (D)
11 creatures vanquished.

Vanquished Creatures (others)
  2 foxfires (D)
2 creatures vanquished.

Grand Total: 13 creatures vanquished

Notes
Turn   | Place    | Note
-------+----------+-------------------------------------------
     0 | D        | Conn the Octopode Fire Elementalist began the quest for the
                  | Orb.
     0 | D        | Reached XP level 1. HP: 11/11 MP: 3/3
    43 | D        | Found a bloodstained altar of Trog.
    43 | D        | Found a shimmering blue altar of Sif Muna.
    43 | D        | Found a viscous altar of Jiyva.
    43 | D        | Found a hazy altar of Hepliaklqana.
    43 | D        | Found an opulent altar of Gozag.
    44 | D        | Found a glowing golden altar of the Shining One.
    44 | D        | Found a glowing silver altar of Zin.
    44 | D        | Found a basalt altar of Yredelemnul.
    44 | D        | Found a shimmering altar of Xom.
    44 | D        | Found an ornate altar of the Wu Jian Council.
    44 | D        | Found a sacrificial altar of Ru.
    44 | D        | Found a stormy altar of Qazlal.
    44 | D        | Found an iron altar of Okawaru.
    44 | D        | Found a sparkling altar of Nemelex Xobeh.
    44 | D        | Found a burning altar of Makhleb.
    44 | D        | Found a blossoming altar of Fedhas.
    44 | D        | Found a white marble altar of Elyvilon.
    44 | D        | Found a shadowy altar of Dithmenos.
    44 | D        | Found a snail-covered altar of Cheibriados.
    45 | D        | Found a radiant altar of Vehumet.
    45 | D        | Found a corrupted altar of Lugonu.
    46 | D        | Found an ancient bone altar of Kikubaaqudgha.
    46 | D        | Found a hide-covered altar of Uskayaw.
    46 | D        | Found a broken altar of Ashenzari.
    47 | D        | Became a worshipper of Sif Muna the Loreminder
    63 | D        | Noticed a scorpion
    81 | D        | Killed a scorpion
    82 | D        | Reached XP level 2. HP: 17/17 MP: 3/6
    82 | D        | Reached XP level 3. HP: 21/21 MP: 4/8
    82 | D        | Reached XP level 4. HP: 27/27 MP: 4/9
   101 | D        | Reached * piety under Sif Muna
   106 | D        | Learned a level 3 spell: Conjure Flame
   110 | D        | Learned a level 3 spell: Inner Flame
   113 | D        | Learned a level 2 spell: Scorch
   114 | D        | Noticed a floating eye
   116 | D        | Killed a floating eye
   117 | D        | Reached XP level 5. HP: 31/31 MP: 8/12
   121 | D        | Reached ** piety under Sif Muna
   126 | D        | Reached skill level 5 in Spellcasting
   196 | D        | Learned a level 4 spell: Flame Wave
   208 | D        | Noticed a black bear
   208 | D        | Noticed a fire bat
   208 | D        | Noticed a warg
   212 | D        | Noticed a fire bat
   218 | D        | Killed a fire bat
   218 | D        | Reached *** piety under Sif Muna
   219 | D        | Reached skill level 5 in Dodging
   219 | D        | Reached XP level 6. HP: 17/36 MP: 10/14
   219 | D        | Slain by a fire bat

Illustrated notes

Levels and vault maps discovered:
D:        pitsprint [storerooms_1, entrance_room_1, metal_vault_3, armoury_3,
          mini_pit_1, grid_room_1, main_hall_1, silver_pit, the_coven_1,
          the_vestibule_1, steel_vault_5, golden_pit, hallway_of_sentries,
          crystal_vault_5, iron_vault_2, final_vault]

Skill      XL: |  1  2  3  4  5 |
---------------+----------------+-----
Dodging        | 3 4 5 |  5.4
Stealth        | 4 6 9 |  9.2
Spellcasting   | 3 4 5 |  5.7
Fire Magic     | 6 8 9 |  9.9
Short Blades   | |  0.6
Conjurations   | |  1.5

Action                   |  1- 3 |  4- 6 || total
-------------------------+-------+-------++-------
Melee: Dagger            |     4 |    18 ||    22
       Constrict         |     2 |     2 ||     4
       Tentacles         |     1 |     2 ||     3
       Unarmed           |     1 |       ||     1
 Cast: Foxfire           |     2 |       ||     2
       Conjure Flame     |       |     1 ||     1
  Use: Potion            |     1 |       ||     1
 Stab: Invisible         |     2 |       ||     2
       Sleeping          |       |     6 ||     6
Armor: Skin              |     1 |     1 ||     2
Dodge: Dodged            |     4 |    10 ||    14

Table legend: (Time is in decaauts)
 A = Elapsed time spent in this place.
 B = Non-inter-level travel time spent in this place.
 C = Inter-level travel time spent in this place.
 D = Time resting spent in this place.
 E = Time spent auto-exploring this place.
 F = Levels seen in this place.
 G = Mean time per level.
                   A        B        C        D        E       F      G
               +--------+--------+--------+--------+--------+-----+--------+
         Total |    218 |    218 |      0 |     14 |      0 |   1 |  218.0 |
       Dungeon |    218 |    218 |      0 |     14 |      0 |   1 |  218.0 |
               +--------+--------+--------+--------+--------+-----+--------+

Top non-repeatable levels by time:
       D: 218 daAuts
